 Dungeon Crawl Stone Soup version 0.29.1-1-gd02db6906a (webtiles) character file.

Game seed: 14027601035791932406

33 lonewolfV2 the Covered (level 3, -15/23 HPs)
             Began as a Tengu Fighter on Oct 17, 2022.
             Killed from afar by Jessica (24 damage)
             ... with a bolt of light
             ... on level 2 of the Dungeon.
             The game lasted 00:01:25 (1115 turns).

lonewolfV2 the Covered (Tengu Fighter)              Turns: 1115, Time: 00:01:25

Health: -15/23     AC:  7    Str: 18    XL:     3   Next: 29%
Magic:  4/4        EV:  9    Int:  8    God:
Gold:   44         SH:  5    Dex: 13    Spells: 2/2 levels left

rFire   . . .      SeeInvis .   a - +0 war axe
rCold   . . .      Faith    .   c - +0 buckler
rNeg    . . .      Spirit   .   b - +0 scale mail
rPois   .          Reflect  .   (helmet restricted)
rElec   .          Harm     .   (no cloak)
rCorr   .          Rampage  .   (no gloves)
Will    .....                   (boots unavailable)
Stlth   ..........              (no amulet)
HPRegen 0.07/turn               (no ring)
MPRegen 0.09/turn               (no ring)

@: no status effects
A: beak, talons 3
a: no special abilities


You were on level 2 of the Dungeon.
You visited 1 branch of the dungeon, and saw 2 of its levels.

You collected 44 gold pieces.

Inventory:

Hand Weapons
 a - a +0 war axe (weapon)
Armour
 b - a +0 scale mail (worn)
 c - a +0 buckler (worn)
Scrolls
 e - a scroll of identify
 f - a scroll of silence {unknown}
 h - a scroll of magic mapping
 i - a scroll of teleportation {unknown}
Potions
 d - 2 potions of might
 g - a potion of brilliance
 j - a potion of resistance {unknown}


   Skills:
 + Level 3.3 Fighting
 + Level 2.7 Axes
 + Level 3.7 Armour
 + Level 3.3 Shields


You had 2 spell levels left.
You didn't know any spells.
Your spell library contained the following spells:

 Spells                   Type           Power      Damage    Failure   Level
 Static Discharge         Conj/Air       0%         3-3/arc   95%         2
 Dispel Undead            Necr           0%         3d6       100%        4
 Sticky Flame             Conj/Fire      0%         2d3       100%        4


Dungeon Overview and Level Annotations

Branches:
Dungeon (2/15)

Altars:

Annotations:
D:2 Jessica


Innate Abilities, Weirdness & Mutations

You have a beak for a mouth.
You have claws for feet.


Message History

You slash the rat!
You kill the rat!
You see here a rat corpse.
As you read the scroll labelled FOPNUS VEFF, it crumbles to dust.
It is a scroll of identify.
g - a potion of brilliance
As you read the scroll labelled XAENGU ZAROD, it crumbles to dust.
You feel aware of your surroundings.
It was a scroll of magic mapping.
Found a potion of brilliance.
j - a smoky cyan potion An endoplasm comes into view.
The endoplasm quivers.
An endoplasm is nearby!
An endoplasm is nearby!
An endoplasm is nearby!
An endoplasm is nearby!
Jessica the Apprentice Sorceress comes into view.
She is wielding a +0 club and carrying a wand of light (8).
Jessica shouts!
You slash the endoplasm!
You kill the endoplasm!
Jessica casts a spell at you. Pain shoots through your body!
Ouch! That really hurt!
Jessica gestures wildly while chanting.
Jessica blinks!
A kobold comes into view. It is wielding a +0 club.
The kobold shouts!
You see here a potion of brilliance.
The kobold hits you but does no damage.
You see here 12 gold pieces.
You barely miss the kobold. The kobold hits you with a +0 club.
You barely miss the kobold. You claw the kobold.
You kill the kobold!
You see here a +0 club.
Jessica mumbles some strange words.
Jessica blinks!
You now have 44 gold pieces (gained 12).
Jessica zaps a wand.
The bolt of light hits you!!
Ouch! That really hurt!
You die...

,,,,,,,,,,,* #.........,* *
,,,,,,,,,,,* #..........# **
****,,,,,,,* #..........# **,
*,,****** #..........# *,. *,,*
*..........#**#.# ****,,*
*,...,.....##...* *,,,,,*
**#.#**#.#....#**
*,,,,,*############.####...######
*,,,,,,.......).@.!..............
*,,,,**##########..######..######
*,,,,* #@## #.†# **,,,* #.#
#..#### *,,<** #.# #.....###
*,,,,* #.# #.###.... *,,,,* #.#
#.# ####. **,,,* #.#* #.######.
*,*,***********,,**####.##.....


You could see Jessica.

Vanquished Creatures
  A dart slug (D:1)
  2 ball pythons (D:1)
  5 bats
  3 endoplasms
  A giant cockroach (D:2)
  3 goblins (D:1)
  2 hobgoblins (D:1)
  2 frilled lizards (D:1)
  5 kobolds
  6 rats
30 creatures vanquished.

Vanquished Creatures (others)
  2 plants (D:2)
2 creatures vanquished.

Grand Total: 32 creatures vanquished

Notes
Turn   | Place    | Note
-------+----------+-------------------------------------------
     0 | D:1      | lonewolfV2 the Tengu Fighter began the quest for the Orb.
     0 | D:1      | Reached XP level 1. HP: 14/14 MP: 2/2
   231 | D:1      | Reached XP level 2. HP: 12/19 MP: 3/3
   553 | D:1      | Reached XP level 3. HP: 22/23 MP: 4/4
  1103 | D:2      | Noticed Jessica
  1115 | D:2      | Killed from afar by Jessica

Illustrated notes

Levels and vault maps discovered:
D:1:      dpeg_arrival_shelter, layout_loops_ring, nicolae_figureground_pulse
D:2:      layout_rooms, serial_bayou_lagoon_b, uniq_jessica

Action                   || total
-------------------------++-------
Melee: War axe           ||    47
       Peck              ||     6
       Kick              ||     7
  Use: Scroll            ||     2
Armor: Scale mail        ||    29
Dodge: Dodged            ||    16
Block: Buckler           ||    12
